[Event "ICC tourney 2578 (30 10)"]
[Site "Internet Chess Club"]
[Date "2021.05.22"]
[Round "1"]
[White "UPPALAPATI, VIHAR:vihar"]
[Black "Potukuchi, Siddhartha:Firemonsterz"]
[Result "0-1"]
[ICCResult "White checkmated"]
[WhiteElo "1203"]
[BlackElo "1405"]
[Opening "Giuoco Piano"]
[ECO "C54"]
[NIC "IG.02"]
[Time "11:04:53"]
[PlyCount "40"]
[TimeControl "1800+10"]

1. e4 e5 2. Nf3 Nc6 3. Bc4 Bc5 4. c3 Nf6 5. d4 exd4 6. cxd4 Bb4+ 7. Nc3
Nxe4 8. O-O Bxc3 9. bxc3 d5 10. Bd3 O-O 11. Bxe4 dxe4 12. Ng5 Bf5 13. Ba3
Qxg5 14. Bxf8 Bh3 15. g3 Rxf8 16. Re1 Bg4 17. Qc2 Bf3 18. Rab1 Qg4 19. Rxb7
Qh3 20. Qxe4 Qg2# { White checkmated } 0-1

[Event "ICC tourney 2578 (30 10)"]
[Site "Internet Chess Club"]
[Date "2021.05.22"]
[Round "1"]
[White "DONG, JERRY:Pawnmanicc"]
[Black "SIAMWALLA, ALVIN:cappyal"]
[Result "1-0"]
[ICCResult "Black resigns"]
[WhiteElo "1279"]
[BlackElo "848"]
[Opening "Queen's pawn, Mason variation"]
[ECO "D00"]
[NIC "QP.08"]
[Time "11:04:00"]
[PlyCount "75"]
[TimeControl "1800+10"]

1. d4 d5 2. Bf4 Nc6 3. e3 a6 4. c3 Nf6 5. Nf3 Bg4 6. Nbd2 e6 7. Bd3 h6 8.
Qe2 Bd6 9. Bg3 Bxg3 10. hxg3 Qd6 11. e4 dxe4 12. Nxe4 Nxe4 13. Bxe4 Na5 14.
Bd3 Qb6 15. O-O O-O 16. b4 Nc6 17. Qe3 a5 18. b5 Na7 19. Ne5 Bf5 20. Nd7
Qd6 21. Nxf8 Bxd3 22. Qxd3 Rxf8 23. Rfe1 Qb6 24. a4 Rd8 25. Re5 c5 26. bxc6
Nxc6 27. Re4 e5 28. Rb1 Qc7 29. Qe3 Re8 30. Re1 f6 31. f4 Qd7 32. fxe5 fxe5
33. dxe5 Ne7 34. Qd4 Qc6 35. Qc4+ Qxc4 36. Rxc4 Nc6 37. e6 Nd8 38. Rc8 {
Black resigns } 1-0

[Event "ICC tourney 2578 (30 10)"]
[Site "Internet Chess Club"]
[Date "2021.05.22"]
[Round "1"]
[White "RAMAN, ARJUN:jojoraman"]
[Black "WU, SEAN HAN:dum2020arEEEWS"]
[Result "1-0"]
[ICCResult "Black checkmated"]
[WhiteElo "1360"]
[BlackElo "1173"]
[Opening "Sicilian defense"]
[ECO "B34"]
[NIC "SI.33"]
[Time "11:03:59"]
[PlyCount "67"]
[TimeControl "1800+10"]

1. e4 c5 2. Nf3 Nc6 3. d4 cxd4 4. Nxd4 g6 5. Be3 Bg7 6. Be2 Nf6 7. Nc3 O-O
8. O-O d5 9. exd5 Nxd5 10. Nxd5 Qxd5 11. Bf3 Qd6 12. Nxc6 Qxd1 13. Raxd1
bxc6 14. Bxc6 Rb8 15. b3 Bf5 16. c4 Rfd8 17. Bxa7 Rbc8 18. Bf3 Re8 19. Be3
e5 20. g4 Be6 21. h3 e4 22. Bg2 f5 23. g5 Ra8 24. Rd2 Ra6 25. f3 Bf7 26.
fxe4 fxe4 27. Rdf2 Re7 28. Bc5 Rc7 29. Be3 Re7 30. a4 Rb7 31. Bxe4 Rxb3 32.
Rxf7 Rxe3 33. Bd5 Rxa4 34. Rf8# { Black checkmated } 1-0

[Event "ICC tourney 2578 (30 10)"]
[Site "Internet Chess Club"]
[Date "2021.05.22"]
[Round "1"]
[White "EISENBERG, LINUS NGUYEN:PrimusInvin"]
[Black "JUTRAS, ARNAUD:arnaudjutras"]
[Result "0-1"]
[ICCResult "White resigns"]
[WhiteElo "1235"]
[BlackElo "1450"]
[Opening "Caro-Kann: advance variation"]
[ECO "B12"]
[NIC "CK.04"]
[Time "11:04:02"]
[PlyCount "136"]
[TimeControl "1800+10"]

1. e4 c6 2. d4 d5 3. e5 Bf5 4. Nf3 e6 5. c3 c5 6. Bb5+ Nc6 7. Bxc6+ bxc6 8.
O-O Be7 9. Na3 Qb6 10. Nc2 Bd8 11. Ne3 Ne7 12. Nh4 Bg6 13. Nxg6 Nxg6 14.
Rb1 O-O 15. Nc2 cxd4 16. cxd4 c5 17. f4 cxd4 18. Qxd4 Qxd4+ 19. Nxd4 Bb6
20. Be3 Rfc8 21. g3 Rc4 22. Rfd1 Rac8 23. Kf2 Bxd4 24. Bxd4 Rc2+ 25. Kg1 a6
26. Bc3 Rc4 27. Rd2 Rxd2 28. Bxd2 Rc2 29. Bc3 h6 30. Rd1 Ne7 31. Rd2 Rxd2
32. Bxd2 Nf5 33. Kf2 Kf8 34. Bb4+ Ke8 35. g4 Nd4 36. h4 g6 37. Bc5 Nc6 38.
b4 h5 39. g5 Kd7 40. a3 Kc7 41. Ke2 Nb8 42. Ke3 Nd7 43. Bd6+ Kc6 44. a4 Nb6
45. a5 Nc4+ 46. Kd4 Nxd6 47. exd6 Kxd6 48. Kc3 Kc6 49. Kb3 Kb5 50. Kc3 Ka4
51. Kd4 Kxb4 52. Ke5 Kxa5 53. Kf6 d4 54. Kxf7 d3 55. Kxg6 d2 56. Kf6 d1=Q
57. g6 Qd8+ 58. Kxe6 Qg8+ 59. Kf6 Kb6 60. Kg5 a5 61. Kxh5 a4 62. f5 a3 63.
f6 a2 64. f7 Qg7 65. Kg5 a1=Q 66. h5 Qaf6+ 67. Kg4 Qgxg6+ 68. hxg6 Qxg6+ {
White resigns } 0-1

[Event "ICC tourney 2578 (30 10)"]
[Site "Internet Chess Club"]
[Date "2021.05.22"]
[Round "1"]
[White "Merriman, Dann:theLittlePetey"]
[Black "DHURJATI, ANAGHA:amdink"]
[Result "1-0"]
[ICCResult "Black forfeits on time"]
[WhiteElo "875"]
[BlackElo "1296"]
[Opening "Giuoco Piano"]
[ECO "C54"]
[NIC "IG.02"]
[Time "11:03:59"]
[PlyCount "45"]
[TimeControl "1800+10"]

1. e4 e5 2. Nf3 Nc6 3. Bc4 Bc5 4. c3 Nf6 5. d4 exd4 6. e5 d5 7. Be2 Ne4 8.
cxd4 Be7 9. O-O O-O 10. Bb5 Bg4 11. Be3 f6 12. exf6 Rxf6 13. Be2 Rg6 14.
Nc3 Bh3 15. Ne1 Bf5 16. Rc1 Bg5 17. Nxd5 Be6 18. Nf4 Bxf4 19. Bxf4 Qxd4 20.
Bxc7 Rf8 21. Qxd4 Nxd4 22. Bd3 Bf5 23. Nc2 { Black forfeits on time } 1-0

[Event "ICC tourney 2578 (30 10)"]
[Site "Internet Chess Club"]
[Date "2021.05.22"]
[Round "1"]
[White "ARUL, SHARVESH:thunderdaze"]
[Black "Morgan, Lakshmi M:luckylol3"]
[Result "1-0"]
[ICCResult "Black resigns"]
[WhiteElo "1302"]
[BlackElo "1041"]
[Opening "Four knights: Ranken variation"]
[ECO "C48"]
[NIC "KP.03"]
[Time "11:03:58"]
[PlyCount "85"]
[TimeControl "1800+10"]

1. e4 e5 2. Nf3 Nc6 3. Nc3 Nf6 4. Bb5 a6 5. Bxc6 dxc6 6. Nxe5 Bd6 7. Nf3
O-O 8. O-O Re8 9. Re1 Be7 10. d4 Bg4 11. Be3 Bb4 12. e5 Nd5 13. Bd2 Bxc3
14. Bxc3 b5 15. a3 Qd7 16. h3 Bh5 17. Bd2 Ne7 18. c3 Qd5 19. g4 Bg6 20. Qe2
Rad8 21. Bg5 h6 22. Bxe7 Rxe7 23. Nh4 Bh7 24. f4 c5 25. Rad1 cxd4 26. Rxd4
Qa8 27. Red1 Rxd4 28. Rxd4 c5 29. Rd6 c4 30. f5 Qa7+ 31. Kh2 Qc7 32. Qd2
Re8 33. Qd5 Qa7 34. Qd2 Qc5 35. Nf3 h5 36. Rd5 Qc6 37. Rd8 hxg4 38. hxg4
Kh8 39. Rd5 Kg8 40. Kg3 Qb7 41. Rd8 Qc6 42. Qg5 Rf8 43. Qe7 { Black resigns
} 1-0

[Event "ICC tourney 2578 (30 10)"]
[Site "Internet Chess Club"]
[Date "2021.05.22"]
[Round "1"]
[White "KISHOR MANE, ARNAV:K05-16881843"]
[Black "NERALLA, SRIKRUTHI:chessfanatic11"]
[Result "1-0"]
[ICCResult "Black checkmated"]
[WhiteElo "1396"]
[BlackElo "1202"]
[Opening "Scotch game"]
[ECO "C45"]
[NIC "SO.04"]
[Time "11:04:09"]
[PlyCount "51"]
[TimeControl "1800+10"]

1. e4 e5 2. Nf3 Nc6 3. d4 exd4 4. Nxd4 Nxd4 5. Qxd4 d6 6. Nc3 Be6 7. Be3
Nf6 8. f3 g6 9. O-O-O Bg7 10. Qd2 O-O 11. g4 Qe7 12. h4 Rfd8 13. h5 c6 14.
hxg6 fxg6 15. Bh6 b5 16. Bxg7 Qxg7 17. Qh2 Ne8 18. Ne2 a5 19. Nd4 Bd7 20.
g5 b4 21. Bc4+ Kh8 22. Qf4 c5 23. Rxh7+ Qxh7 24. Qf8+ Qg8 25. Rh1+ Bh3 26.
Rxh3# { Black checkmated } 1-0

[Event "ICC tourney 2578 (30 10)"]
[Site "Internet Chess Club"]
[Date "2021.05.22"]
[Round "1"]
[White "REMPE, LENNIK:Kokosnuss1000"]
[Black "SEN, SAMANT ROBERT:srsmv"]
[Result "1-0"]
[ICCResult "Black checkmated"]
[WhiteElo "1450"]
[BlackElo "1216"]
[Opening "Four knights: Ranken variation"]
[ECO "C48"]
[NIC "KP.03"]
[Time "11:04:01"]
[PlyCount "143"]
[TimeControl "1800+10"]

1. e4 e5 2. Nf3 Nc6 3. Nc3 Nf6 4. Bb5 a6 5. Bxc6 dxc6 6. Nxe5 Bc5 7. O-O
O-O 8. d3 Re8 9. Nf3 Bg4 10. Bg5 h6 11. Bh4 Bd6 12. Qe2 Be7 13. Qe3 Qd7 14.
Ne5 Qe6 15. Qg3 Bd8 16. Bxf6 Bxf6 17. Nxg4 Bd4 18. Ne3 Be5 19. Qg4 Qf6 20.
Qf3 Bxc3 21. bxc3 Qxc3 22. Qg3 Re6 23. Qxc7 b5 24. Qb7 Ree8 25. Qc7 Rec8
26. Qf4 Re8 27. Rab1 Qd4 28. Nf5 Qf6 29. Qh4 Qxh4 30. Nxh4 Re6 31. f4 Rf6
32. f5 Rd6 33. Rfe1 Re8 34. e5 Rd5 35. e6 fxe6 36. fxe6 Rd6 37. e7 Rd7 38.
Re2 Rdxe7 39. Rxe7 Rxe7 40. Kf1 Rf7+ 41. Kg1 Re7 42. Nf3 c5 43. Re1 Rxe1+
44. Nxe1 Kf7 45. Kf2 Ke6 46. Ke3 Ke5 47. c3 b4 48. cxb4 cxb4 49. Nc2 a5 50.
d4+ Kd5 51. h3 g5 52. Kd3 h5 53. g4 hxg4 54. hxg4 Ke6 55. Ke4 Kf6 56. d5
Ke7 57. Ke5 Kd7 58. d6 Ke8 59. Ke6 Kd8 60. d7 a4 61. Nxb4 a3 62. Nd3 Kc7
63. Ke7 Kc6 64. d8=Q Kb5 65. Kd6 Kc4 66. Kc6 Kc3 67. Qxg5 Kxd3 68. Qe5 Kc4
69. Qe3 Kb4 70. Qd3 Ka4 71. Kc5 Ka5 72. Qb5# { Black checkmated } 1-0

[Event "ICC tourney 2578 (30 10)"]
[Site "Internet Chess Club"]
[Date "2021.05.22"]
[Round "1"]
[White "WU, WINSTON:qjet"]
[Black "BANG, ADITYA:AdityaBang"]
[Result "1/2-1/2"]
[ICCResult "Game drawn by mutual agreement"]
[WhiteElo "1200"]
[BlackElo "1389"]
[Opening "Pirc: Holmov system"]
[ECO "B07"]
[NIC "PU.07"]
[Time "11:04:28"]
[PlyCount "76"]
[TimeControl "1800+10"]

1. e4 d6 2. d4 Nf6 3. Nc3 g6 4. Bc4 Bg7 5. Nf3 O-O 6. h3 Nc6 7. O-O Nd7 8.
Be3 e5 9. Qd2 exd4 10. Nxd4 Nxd4 11. Bxd4 Ne5 12. Bxe5 Bxe5 13. f4 Bg7 14.
f5 Qf6 15. fxg6 Qxg6 16. Rf3 Be6 17. Bd3 Be5 18. Nd5 Bxd5 19. exd5 Qg7 20.
c3 Kh8 21. Raf1 f6 22. Rf5 Rf7 23. R1f3 Rg8 24. Rh5 Qf8 25. Qc2 Rg5 26.
Rxh7+ Rxh7 27. Bxh7 Qg7 28. Bf5 Rg3 29. Rxg3 Qxg3 30. Qe2 Qg5 31. Bc2 Kg8
32. Qg4 Qxg4 33. hxg4 b6 34. Kf2 Kg7 35. g3 Kh6 36. Bf5 Kg5 37. Kf3 a5 38.
Bd7 Kg6 { Game drawn by mutual agreement } 1/2-1/2

[Event "ICC tourney 2578 (30 10)"]
[Site "Internet Chess Club"]
[Date "2021.05.22"]
[Round "1"]
[White "AMBATI, JASWANT REDDY:AJRChess2011"]
[Black "KUMAR, AADIT:AaditK"]
[Result "1-0"]
[ICCResult "Black checkmated"]
[WhiteElo "1486"]
[BlackElo "1251"]
[Opening "Ruy Lopez: exchange, Keres variation"]
[ECO "C68"]
[NIC "RL.08"]
[Time "11:04:05"]
[PlyCount "107"]
[TimeControl "1800+10"]

1. e4 e5 2. Nf3 Nc6 3. Bb5 a6 4. Bxc6 dxc6 5. Nc3 Bd6 6. d4 Qe7 7. Bg5 f6
8. dxe5 fxg5 9. exd6 cxd6 10. Qd2 g4 11. Nd4 Nf6 12. O-O-O O-O 13. Rhe1 Bd7
14. Nf5 Bxf5 15. exf5 Qd7 16. Qxd6 Qxf5 17. Re7 Qxf2 18. Rxb7 Qxg2 19. Qe7
Nh5 20. Qe5 Qh3 21. Kb1 Rae8 22. Qc7 Qf3 23. a3 Rf7 24. Qb6 Nf6 25. Rxf7
Kxf7 26. Qxa6 Qf4 27. Rh1 Qd6 28. Qc4+ Kg6 29. h3 g3 30. Rg1 h5 31. h4 Re5
32. Rxg3+ Ng4 33. Rg1 Kh7 34. Ne4 Qg6 35. Ng5+ Kh6 36. Nf7+ Kh7 37. Nxe5
Qf5 38. Nxg4 hxg4 39. Qxg4 Qxg4 40. Rxg4 Kh6 41. Rc4 Kg6 42. Rxc6+ Kh5 43.
Rc4 g6 44. a4 Kh6 45. a5 Kh5 46. a6 Kh6 47. a7 Kh5 48. a8=Q g5 49. Qh8+ Kg6
50. Rc6+ Kf5 51. Qf8+ Kg4 52. Rc4+ Kh5 53. Qf7+ Kh6 54. Rc6# { Black
checkmated } 1-0

[Event "ICC tourney 2578 (30 10)"]
[Site "Internet Chess Club"]
[Date "2021.05.22"]
[Round "1"]
[White "LI, MASON:iamlifamily"]
[Black "WIDJAJA, LUKE:lwidjaja"]
[Result "1-0"]
[ICCResult "Black checkmated"]
[WhiteElo "1266"]
[BlackElo "1501"]
[Opening "Queen's pawn, Mason variation"]
[ECO "D00"]
[NIC "QP.08"]
[Time "11:03:59"]
[PlyCount "99"]
[TimeControl "1800+10"]

1. d4 d5 2. Bf4 Nf6 3. e3 c5 4. c3 Nc6 5. Nd2 e6 6. Ngf3 Bd6 7. Bg3 O-O 8.
Be2 b6 9. O-O Bb7 10. Rc1 Re8 11. Ne5 Qc7 12. Ndf3 Ne4 13. Bd3 Nxg3 14.
fxg3 Nxe5 15. dxe5 Bxe5 16. Ng5 f6 17. Bxh7+ Kf8 18. Bg6 Ke7 19. Bxe8 Rxe8
20. Nf3 Bd6 21. b4 e5 22. Nh4 Kd8 23. Nf5 Bf8 24. e4 Kc8 25. exd5 Qd7 26.
a3 Kb8 27. d6 Be4 28. Ne3 Rd8 29. bxc5 bxc5 30. Rb1+ Bxb1 31. Qxb1+ Qb7 32.
Qf5 Ka8 33. Rb1 Qc6 34. d7 Rxd7 35. Nc4 Qc8 36. Qe4+ Rb7 37. Na5 Qd7 38.
Nxb7 Kb8 39. Nxc5+ Kc7 40. Nxd7 Kxd7 41. Rd1+ Ke6 42. Qc6+ Kf7 43. Rd7+ Kg6
44. Qe4+ f5 45. Qc6+ Kh7 46. h4 e4 47. h5 Bc5+ 48. Kh1 e3 49. Qg6+ Kg8 50.
Qxg7# { Black checkmated } 1-0

[Event "ICC tourney 2578 (30 10)"]
[Site "Internet Chess Club"]
[Date "2021.05.22"]
[Round "1"]
[White "QI, JENNY:eevee11"]
[Black "DUNIKOV, DAVID EUGENE:DavidNest"]
[Result "1/2-1/2"]
[ICCResult "Game drawn because neither player has mating material"]
[WhiteElo "1156"]
[BlackElo "1307"]
[Opening "QP counter-gambit (elephant gambit)"]
[ECO "C40"]
[NIC "KP.10"]
[Time "11:03:58"]
[PlyCount "142"]
[TimeControl "1800+10"]

1. e4 e5 2. Nf3 d5 3. exd5 e4 4. Qe2 Nf6 5. Nc3 Bf5 6. d3 Bb4 7. Bd2 Bxc3
8. Bxc3 Qxd5 9. Bxf6 gxf6 10. Nh4 Nc6 11. Nxf5 Qxf5 12. Qxe4+ Qxe4+ 13.
dxe4 O-O-O 14. Bc4 Rd4 15. Bxf7 Rxe4+ 16. Kd2 Rd8+ 17. Kc3 Re2 18. Rhf1 Re5
19. Rad1 Rc5+ 20. Kb3 Nd4+ 21. Ka4 Rxc2 22. Rfe1 b5+ 23. Ka3 Rc6 24. Re8
Rxe8 25. Bxe8 Rd6 26. Rd2 c5 27. b3 b4+ 28. Kb2 Kd8 29. Bf7 Ke7 30. Bc4 f5
31. Rd1 Kf6 32. Rc1 f4 33. Bd3 Nxb3 34. axb3 Rxd3 35. Rxc5 Rd2+ 36. Rc2
Rxc2+ 37. Kxc2 Ke5 38. Kd3 Kd5 39. f3 h6 40. g3 fxg3 41. hxg3 h5 42. Ke3 a5
43. Kd3 Kc5 44. f4 Kd5 45. Ke3 Ke6 46. Ke4 Kf6 47. Kd4 Kf5 48. Kc4 Kg4 49.
Kb5 Kxg3 50. f5 h4 51. f6 h3 52. f7 h2 53. f8=Q h1=Q 54. Qg7+ Kf2 55. Qf6+
Ke2 56. Qe5+ Kd3 57. Qd6+ Kc3 58. Kxa5 Qh5+ 59. Ka4 Qe8+ 60. Ka5 Qa8+ 61.
Kb5 Qb7+ 62. Ka4 Qa7+ 63. Kb5 Qa3 64. Qg3+ Kb2 65. Kc4 Qa6+ 66. Kxb4 Qb6+
67. Kc4 Qc6+ 68. Kd4 Qd7+ 69. Ke4 Qe6+ 70. Qe5+ Qxe5+ 71. Kxe5 Kxb3 { Game
drawn because neither player has mating material } 1/2-1/2

[Event "ICC tourney 2578 (30 10)"]
[Site "Internet Chess Club"]
[Date "2021.05.22"]
[Round "2"]
[White "DONG, JERRY:Pawnmanicc"]
[Black "REMPE, LENNIK:Kokosnuss1000"]
[Result "1-0"]
[ICCResult "Black checkmated"]
[WhiteElo "1279"]
[BlackElo "1450"]
[Opening "Queen's pawn, Mason variation"]
[ECO "D00"]
[NIC "QP.08"]
[Time "13:01:46"]
[PlyCount "55"]
[TimeControl "1800+10"]

1. d4 d5 2. Bf4 Nf6 3. e3 e6 4. c3 Be7 5. Nf3 O-O 6. Nbd2 Nbd7 7. Bd3 b6 8.
e4 Bb7 9. e5 Ne4 10. Qe2 Nxd2 11. Nxd2 c5 12. Nf3 c4 13. Bc2 Rc8 14. h4 h6
15. O-O-O a5 16. Rh2 b5 17. Rdh1 b4 18. Ng5 bxc3 19. bxc3 Ba3+ 20. Kd2 Be7
21. Qh5 Qb6 22. Rb1 Qa6 23. Nh7 Rfd8 24. Rh3 Rb8 25. Rg3 Kh8 26. Bxh6 gxh6
27. Qxh6 Rg8 28. Nf6# { Black checkmated } 1-0

[Event "ICC tourney 2578 (30 10)"]
[Site "Internet Chess Club"]
[Date "2021.05.22"]
[Round "2"]
[White "WU, SEAN HAN:dum2020arEEEWS"]
[Black "EISENBERG, LINUS NGUYEN:PrimusInvin"]
[Result "1-0"]
[ICCResult "Black resigns"]
[WhiteElo "1173"]
[BlackElo "1235"]
[Opening "Sicilian: closed, 2...Nc6"]
[ECO "B23"]
[NIC "SI.44"]
[Time "13:01:49"]
[PlyCount "36"]
[TimeControl "1800+10"]

1. e4 c5 2. Nc3 Nc6 3. Bb5 a6 4. Bxc6 dxc6 5. d3 g6 6. f4 Bg7 7. Bd2 Nf6 8.
Nf3 Bg4 9. O-O O-O 10. h3 Bxf3 11. Rxf3 Qb6 12. b3 Rfd8 13. Qe1 Rd7 14. f5
Rad8 15. e5 Nd5 16. e6 fxe6 17. Qxe6+ Kh8 18. Nxd5 cxd5 { Black resigns }
1-0

[Event "ICC tourney 2578 (30 10)"]
[Site "Internet Chess Club"]
[Date "2021.05.22"]
[Round "2"]
[White "JUTRAS, ARNAUD:arnaudjutras"]
[Black "ARUL, SHARVESH:thunderdaze"]
[Result "0-1"]
[ICCResult "White resigns"]
[WhiteElo "1450"]
[BlackElo "1302"]
[Opening "English: Bremen, Smyslov system"]
[ECO "A22"]
[NIC "EO.11"]
[Time "13:01:43"]
[PlyCount "70"]
[TimeControl "1800+10"]

1. c4 e5 2. Nc3 Nf6 3. g3 Bb4 4. Bg2 O-O 5. a3 Bxc3 6. bxc3 Re8 7. Nf3 c6
8. O-O d5 9. cxd5 cxd5 10. Rb1 Nc6 11. a4 Rb8 12. Ba3 Bd7 13. Bd6 Ra8 14.
Rxb7 Bc8 15. Bc7 Qd7 16. Rb5 Qxc7 17. d3 Ba6 18. Rb1 Rab8 19. Qc2 Rxb1 20.
Rxb1 h6 21. Bh3 Nd4 22. Qd2 Nxf3+ 23. exf3 Rb8 24. Rc1 Qa5 25. Qc2 Bc8 26.
Bg2 Bd7 27. Re1 Bxa4 28. Qa2 Qxc3 29. Ra1 Bc6 30. Qxa7 Ra8 31. Qxa8+ Bxa8
32. Rxa8+ Kh7 33. Ra7 Qxd3 34. Rxf7 Qb1+ 35. Bf1 d4 { White resigns } 0-1

[Event "ICC tourney 2578 (30 10)"]
[Site "Internet Chess Club"]
[Date "2021.05.22"]
[Round "2"]
[White "Merriman, Dann:theLittlePetey"]
[Black "RAMAN, ARJUN:jojoraman"]
[Result "1/2-1/2"]
[ICCResult "White stalemated"]
[WhiteElo "875"]
[BlackElo "1360"]
[Opening "Giuoco Piano"]
[ECO "C54"]
[NIC "IG.02"]
[Time "13:01:53"]
[PlyCount "208"]
[TimeControl "1800+10"]

1. e4 e5 2. Nf3 Nc6 3. Bc4 Bc5 4. c3 Nf6 5. d4 exd4 6. e5 d5 7. Bb5 Nd7 8.
cxd4 Bb4+ 9. Nc3 O-O 10. O-O Bxc3 11. bxc3 Nb6 12. Re1 Ne7 13. Qc2 c6 14.
Bd3 h6 15. Bf4 Bg4 16. Be2 Ng6 17. Bg3 Bxf3 18. Bxf3 Nc4 19. Be2 b5 20. a4
a6 21. Bxc4 dxc4 22. Qe4 Qd5 23. Qxd5 cxd5 24. axb5 axb5 25. Rab1 Ra5 26.
h4 Ne7 27. e6 fxe6 28. Bd6 Rf7 29. Rxe6 Nf5 30. Bb4 Ra2 31. h5 Rxf2 32.
Re8+ Kh7 33. Kxf2 Nd6+ 34. Kg1 Nxe8 35. Re1 Nf6 36. Re5 Rd7 37. Kf1 Ng4 38.
Re8 Rf7+ 39. Kg1 Rf5 40. Rb8 Rxh5 41. Rxb5 Nf6 42. Rb7 Kg6 43. Bf8 Ne8 44.
Re7 Nf6 45. Rxg7+ Kf5 46. Rg3 Ne4 47. Rf3+ Kg6 48. Be7 Rf5 49. Rh3 Rf7 50.
Bb4 Nf2 51. Rg3+ Kh7 52. Re3 Nd3 53. Re7 Rxe7 54. Bxe7 Kg6 55. Kh2 Kf7 56.
Ba3 Kf6 57. Kg3 h5 58. Kh4 Nf4 59. g3 Ne2 60. Bb4 Kf5 61. Bd6 Nxc3 62. Kxh5
Ne4 63. g4+ Ke6 64. Ba3 c3 65. g5 Nd6 66. g6 Nf5 67. Kg5 Nxd4 68. g7 Kf7
69. Kf4 Kxg7 70. Ke5 Nb5 71. Bc1 d4 72. Ke4 Kf6 73. Kd3 Ke5 74. Bh6 Kd5 75.
Bg5 Na3 76. Bf6 c2 77. Bg5 Ke5 78. Bc1 Nb5 79. Kxc2 Ke4 80. Bh6 d3+ 81. Kb3
Nd4+ 82. Kc3 Nf5 83. Bg5 Ne3 84. Kd2 Nc4+ 85. Kc3 Ne5 86. Bh6 Nf3 87. Bd2
Nxd2 88. Kxd2 Kd4 89. Kd1 Kc3 90. Kc1 Kc4 91. Kd2 Kd4 92. Kd1 Ke3 93. Ke1
Kf3 94. Kd2 Ke4 95. Kd1 Kd5 96. Ke1 Kc4 97. Kd2 Kd4 98. Kd1 Kd5 99. Ke1 Kc5
100. Kd1 Kb4 101. Kd2 Kc4 102. Kd1 Kc3 103. Kc1 d2+ 104. Kd1 Kd3 { White
stalemated } 1/2-1/2

[Event "ICC tourney 2578 (30 10)"]
[Site "Internet Chess Club"]
[Date "2021.05.22"]
[Round "2"]
[White "KUMAR, AADIT:AaditK"]
[Black "NERALLA, SRIKRUTHI:chessfanatic11"]
[Result "1-0"]
[ICCResult "Black resigns"]
[WhiteElo "1251"]
[BlackElo "1202"]
[Opening "Hungarian defense"]
[ECO "C50"]
[NIC "IG.03"]
[Time "13:01:46"]
[PlyCount "123"]
[TimeControl "1800+10"]

1. e4 e5 2. Nf3 Nc6 3. Bc4 Be7 4. c3 Nf6 5. d4 exd4 6. e5 Ng4 7. cxd4 d6 8.
h3 Nh6 9. O-O dxe5 10. dxe5 Qxd1 11. Rxd1 Ng8 12. Nc3 f6 13. Nd5 Bd8 14.
exf6 Nxf6 15. Re1+ Ne7 16. Bg5 Nxd5 17. Bxd5 h6 18. Bxe7 Bxe7 19. Ne5 Rf8
20. Ng6 Rf7 21. Bxf7+ Kxf7 22. Nxe7 Be6 23. Re3 Re8 24. Nf5 Bxf5 25. Rxe8
Kxe8 26. Re1+ Kd7 27. g4 Be6 28. a3 a6 29. Kg2 c6 30. Kg3 Kd6 31. Kf4 b5
32. Rd1+ Bd5 33. Kf5 Ke7 34. Ke5 g6 35. f4 a5 36. f5 g5 37. f6+ Kf7 38.
Rxd5 cxd5 39. Kxd5 Kxf6 40. Kc5 Ke5 41. Kxb5 Kf4 42. Kxa5 Kg3 43. b4 Kxh3
44. b5 Kxg4 45. b6 h5 46. b7 h4 47. b8=Q h3 48. Qc8+ Kh4 49. Qc4+ g4 50.
Kb5 h2 51. Qf1 g3 52. Qg2 Kg4 53. a4 Kf4 54. a5 Ke5 55. a6 Kd6 56. a7 Kc7
57. a8=Q Kd7 58. Qac6+ Ke7 59. Qe2+ Kf7 60. Qcf3+ Kg7 61. Qe7+ Kg6 62.
Qef6+ { Black resigns } 1-0

[Event "ICC tourney 2578 (30 10)"]
[Site "Internet Chess Club"]
[Date "2021.05.22"]
[Round "2"]
[White "SEN, SAMANT ROBERT:srsmv"]
[Black "Morgan, Lakshmi M:luckylol3"]
[Result "1-0"]
[ICCResult "Black resigns"]
[WhiteElo "1216"]
[BlackElo "1041"]
[Opening "Ruy Lopez: closed defense"]
[ECO "C84"]
[NIC "RL.13"]
[Time "13:01:42"]
[PlyCount "73"]
[TimeControl "1800+10"]

1. e4 e5 2. Nf3 Nc6 3. Bb5 a6 4. Ba4 Nf6 5. O-O Be7 6. d3 b5 7. Bb3 O-O 8.
Nbd2 d6 9. c3 Bg4 10. Re1 d5 11. exd5 Nxd5 12. Ne4 b4 13. h3 Bh5 14. Ng3
Bg6 15. Nxe5 Nxe5 16. Rxe5 Nf6 17. Re3 Bc5 18. d4 Bb6 19. Qf3 c5 20. dxc5
Bxc5 21. Re2 bxc3 22. bxc3 Qb6 23. Bf4 Rfe8 24. Rae1 Rad8 25. Rxe8+ Rxe8
26. Rxe8+ Nxe8 27. Qe2 Nf6 28. Qf3 h6 29. Ne2 Be4 30. Qg3 Nh5 31. Qh4 Qg6
32. Ng3 Nxg3 33. Qxg3 Qh7 34. Be3 Qf5 35. Qb8+ Kh7 36. Bxc5 Qxc5 37. Bxf7 {
Black resigns } 1-0

[Event "ICC tourney 2578 (30 10)"]
[Site "Internet Chess Club"]
[Date "2021.05.22"]
[Round "2"]
[White "DHURJATI, ANAGHA:amdink"]
[Black "UPPALAPATI, VIHAR:vihar"]
[Result "1-0"]
[ICCResult "Black resigns"]
[WhiteElo "1296"]
[BlackElo "1203"]
[Opening "Sicilian: dragon variation"]
[ECO "B70"]
[NIC "SI.15"]
[Time "13:01:46"]
[PlyCount "67"]
[TimeControl "1800+10"]

1. e4 c5 2. Nf3 d6 3. d4 cxd4 4. Nxd4 Nf6 5. Nc3 g6 6. Bg5 Bg7 7. Bb5+ Bd7
8. Bxd7+ Nbxd7 9. O-O O-O 10. Qd2 a6 11. Bh6 Bxh6 12. Qxh6 Ne5 13. Qf4 Qb6
14. Nb3 Rfd8 15. Rad1 Rac8 16. Qg3 Nc6 17. a3 Rd7 18. Rd2 Rcd8 19. Rfd1 e6
20. Qf3 Ne8 21. h3 Nc7 22. Kh1 Ne7 23. e5 d5 24. Na4 Qa7 25. Nac5 Nc6 26.
Nxd7 Rxd7 27. c3 Nxe5 28. Qe3 Nc4 29. Qxa7 Nxd2 30. Rxd2 Nb5 31. Qb8+ Kg7
32. Nc5 Rc7 33. Nxb7 Kf6 34. a4 { Black resigns } 1-0

[Event "ICC tourney 2578 (30 10)"]
[Site "Internet Chess Club"]
[Date "2021.05.22"]
[Round "2"]
[White "DUNIKOV, DAVID EUGENE:DavidNest"]
[Black "WU, WINSTON:qjet"]
[Result "0-1"]
[ICCResult "White resigns"]
[WhiteElo "1307"]
[BlackElo "1200"]
[Opening "French: advance, Euwe variation"]
[ECO "C02"]
[NIC "FR.03"]
[Time "13:01:54"]
[PlyCount "108"]
[TimeControl "1800+10"]

1. e4 e6 2. d4 d5 3. e5 c5 4. c3 Nc6 5. Nf3 Bd7 6. Be2 Nge7 7. O-O Rc8 8.
Na3 cxd4 9. Nb5 Nf5 10. cxd4 a6 11. Nc3 Qb6 12. Na4 Qa7 13. Be3 b5 14. Nc3
Be7 15. Bd3 Nfxd4 16. Nxd4 Nxd4 17. Bxh7 Rxh7 18. Bxd4 Bc5 19. Bxc5 Qxc5
20. Rc1 d4 21. Ne2 Qxe5 22. Rxc8+ Bxc8 23. Ng3 f5 24. Re1 Qc7 25. Qxd4 f4
26. Ne4 f3 27. Nd6+ Ke7 28. Nxc8+ Qxc8 29. Qe4 Rh6 30. Qxf3 Qc7 31. g3 e5
32. Qa3+ Kf7 33. Qf3+ Kg8 34. Qd5+ Kh7 35. Qxe5 Qd7 36. Qe4+ Rg6 37. h4 Qh3
38. Qg2 Qd7 39. h5 Rf6 40. Qe4+ Kh6 41. Qh4 Qd2 42. Rf1 Qxb2 43. g4 Qe5 44.
Qh3 Qg5 45. a3 Rf4 46. f3 Qc5+ 47. Kh1 Qxa3 48. g5+ Kh7 49. h6 Qb4 50.
hxg7+ Rh4 51. Qxh4+ Qxh4+ 52. Kg2 Qxg5+ 53. Kf2 Qd2+ 54. Kg3 Kxg7 { White
resigns } 0-1